 Dungeon Crawl Stone Soup version 0.25-a0-734-g73332aeda9 (webtiles) character file.

Game seed: 17469804452783761519, levelgen mode: deterministic

42 Froggeryz the Ducker (level 3, 0/31 HPs)
             Began as a Minotaur Enchanter on Apr 10, 2020.
             Succumbed to an adder's poison
             ... on level 3 of the Dungeon.
             The game lasted 00:01:40 (1654 turns).

Froggeryz the Ducker (Minotaur Enchanter)           Turns: 1654, Time: 00:01:40

Health: 0/31       AC:  5    Str: 13    XL:     3   Next: 35%
Magic:  4/4        EV: 11    Int: 12    God:
Gold:   69         SH:  0    Dex: 10    Spells: 3/4 levels left

rFire    . . .     SeeInvis .   m - +2 dagger (pain)
rCold    . . .     Gourm    .   (no shield)
rNeg     . . .     Faith    .   e - +0 ring mail
rPois    .         Spirit   .   (helmet restricted)
rElec    .         Reflect  .   (no cloak)
rCorr    .         Harm     .   (no gloves)
MR       .....                  (no boots)
Stlth    +.........             (no amulet)
HPRegen  0.10/turn              g - ring of flight
MPRegen  0.09/turn              (no ring)

@: lethally poisoned (0 -> -3), starving, invisible
A: retaliatory headbutt, horns 2
a: Evoke Flight


You were on level 3 of the Dungeon.
You were starving.

You visited 1 branch of the dungeon, and saw 3 of its levels.

You collected 69 gold pieces.

Inventory:

Hand Weapons
 m - a +2 dagger of pain (weapon)
Missiles
 c - 13 poisoned darts (quivered)
Armour
 e - a +0 ring mail (worn)
Jewellery
 g - a ring of flight (left hand)
Scrolls
 f - 2 scrolls of blinking {unknown}
 h - 3 scrolls of remove curse {unknown}
 k - a scroll of immolation {unknown}
 l - a scroll of fear {unknown}
 n - 3 scrolls of enchant armour {unknown}
Potions
 a - a potion of mutation {unknown}
 b - a potion of might
 i - a potion of invisibility
 j - a potion of lignification {unknown}
Comestibles
 d - 3 rations


   Skills:
 * Level 3.0 Fighting
 - Level 1.1 Short Blades
 + Level 3.0 Dodging
 - Level 2.4 Stealth
 - Level 1.3 Spellcasting
 - Level 2.0 Hexes


You had 3 spell levels left.
You knew the following spells:

 Your Spells              Type           Power        Failure   Level  Hunger
a - Corona                Hex            #......      28%         1    ##.....

Your spell library contained the following spells:

 Spells                   Type           Power        Failure   Level  Hunger
 Beastly Appendage        Tmut           #.....       54%         1    ##.....
 Ensorcelled Hibernation  Hex/Ice        #.....       54%         2    ###....
 Confusing Touch          Hex            #.......     63%         3    ####...
 Tukima's Dance           Hex            #.......     63%         3    ####...
 Sticks to Snakes         Tmut           #.......     67%         2    ###....
 Dazzling Flash           Conj/Hex       #.....       77%         3    ####...
 Spider Form              Tmut/Pois      #.........   88%         3    ####...
 Ice Form                 Ice/Tmut       #.......     99%         4    #####..
 Blade Hands              Tmut           #.........   100%        5    ######.


Dungeon Overview and Level Annotations

Branches:
Dungeon (3/15)

Altars:


Innate Abilities, Weirdness & Mutations

You reflexively headbutt those who attack you in melee.
You have a pair of horns on your head.


Message History

The adder is severely wounded.
The adder bites you but does no damage. The quokka bites you.
* * * LOW HITPOINT WARNING * * *
The orc hits you but does no damage.
You miss the adder.
The adder is severely wounded.
The adder closely misses you. The quokka barely misses you.
You furiously retaliate!
You headbutt the quokka, but do no damage.
You miss the adder.
The adder is severely wounded.
The adder misses you. The orc hits you with a +0 mace.
* * * LOW HITPOINT WARNING * * *
The quokka bites you but does no damage.
A frilled lizard comes into view.
Unknown command.
Unknown command.
It was a potion of invisibility.
You fade into invisibility!
You die...

.............#
#.........#
#..l.....####
####.........
#.........
#†........
#)........
#.S.......
#.@o......
#.r.......
##########


You could see an adder, an orc, a quokka and a frilled lizard (wandering).

Vanquished Creatures
  An adder (D:2)
  2 worms (D:2)
  A leopard gecko (D:1)
  A ball python (D:1)
  6 bats
  2 giant cockroaches (D:1)
  5 goblins
  A hobgoblin (D:1)
  3 kobolds
  A quokka (D:2)
  A frilled lizard (D:2)
  4 rats (D:1)
28 creatures vanquished.

Notes
Turn   | Place    | Note
-------+----------+-------------------------------------------
     0 | D:1      | Froggeryz the Minotaur Enchanter began the quest for the
                  | Orb.
     0 | D:1      | Reached XP level 1. HP: 14/14 MP: 1/1
   210 | D:1      | Reached skill level 1 in Fighting
   276 | D:1      | Reached XP level 2. HP: 19/23 MP: 3/3
  1292 | D:2      | Reached XP level 3. HP: 28/30 MP: 4/4
  1653 | D:3      | HP: 1/31 [orc/+0 mace (6)]
  1654 | D:3      | Succumbed to an adder's poison

Levels and vault maps discovered:
D:1:      lightli_arrival_flooded_house, layout_basic
D:2:      layout_basic
D:3:      layout_rooms, lemuel_doored_altar

Skill      XL: |  1  2  3 |
---------------+----------+-----
Fighting       | 1 2 3 |  3.0
Dodging        | 3 |  3.0
Short Blades   | |  1.1
Stealth        | |  2.4
Spellcasting   | |  1.3
Hexes          | |  2.0

Action                   || total
-------------------------++-------
Melee: Dagger            ||    49
       Headbutt          ||     9
       Short sword       ||    28
  Use: Potion            ||     1
 Stab: Sleeping          ||     2
Armor: Ring mail         ||    35
       Robe              ||     2
Dodge: Dodged            ||    61

Table legend:
 A = Non-vault XP
 B = Vault XP
 C = Vault XP percentage of total XP
 D = Non-vault monster count
 E = Vault monster count
 F = Vault count percentage of total count
                 A         B        C        D         E       F
            +---------+---------+-------+---------+---------+-------
      Total |      61 |       0 |   0.0 |      28 |       0 |   0.0
            +---------+---------+-------+---------+---------+-------
        D:1 |      26 |       0 |   0.0 |      17 |       0 |   0.0
        D:2 |      34 |       0 |   0.0 |      10 |       0 |   0.0
        D:3 |       1 |       0 |   0.0 |       1 |       0 |   0.0
            +---------+---------+-------+---------+---------+-------
